Map: Kairos Junction LE

Players

Nerchio

  • Race: Zerg Zerg
  • League: Master
  • Spawn Location: 11:00

Bunny - Winner!

  • Race: Terran Terran
  • League: Diamond
  • Spawn Location: 5:00

Event: IEM Season 13 - Katowice Server Qualifiers Europe

VOD

Have the link to the VOD?

Description

Time

  • Played on: Jan. 8, 2019, 9:26 a.m.
  • Length: 11:02

All games in this series

Show
View Real Time Build Order
Export as new Build Order

Nerchio Zerg 

Build Orders: Pool First 

Get SALT Encoding   

  12  0:00  Drone  
  13  0:12  Overlord  
  13  0:16  Drone  
  14  0:30  Drone x2  
  14  0:34  Drone  
  17  0:45  Extractor, Drone  
  17  0:49  Spawning Pool  
  16  0:55  Drone  
  17  1:14  Hatchery  
  17  1:18  Drone  
  17  1:36  Queen, Zergling x2  
  17  1:38  Zergling x2  
  21  1:45  Metabolic Boost  
  21  1:51  Overlord  
  21  1:59  Drone  
  22  2:10  Drone  
  22  2:11  Queen, Drone  
  26  2:26  Zergling x2  
  26  2:28  Zergling x2  
  28  2:34  Drone  
  29  2:41  Drone  
  29  2:44  Hatchery  
  29  2:45  Drone  
  29  2:47  Drone  
  29  2:49  Drone  
  30  2:52  Drone  
  30  2:56  Drone  
  32  2:59  Drone  
  32  3:03  Overlord  
  33  3:12  Queen  
  35  3:20  Drone  
  35  3:22  Drone  
  35  3:23  Drone x3  
  35  3:25  Drone  
  41  3:27  Drone  
  41  3:28  Drone  
  41  3:31  Overlord  
  43  3:42  Overlord  
  43  3:49  Queen  
  43  3:50  Queen  
  43  3:54  Drone  
  43  3:55  Roach Warren  
  47  3:56  Drone  
  47  3:57  Drone  
  47  4:00  Drone x2  
  51  4:03  Drone  
  51  4:06  Zergling x4  
  51  4:07  Zergling x2  
  51  4:09  Drone  
  56  4:10  Drone  
  56  4:11  Drone  
  58  4:17  Overlord  
  58  4:20  Overlord  
  58  4:23  Overlord  
  58  4:36  Lair  
  58  4:38  Extractor  
  57  4:39  Extractor  
  57  4:40  Zergling x14  
  62  4:54  Drone x3  
  62  4:57  Drone x3  
  62  4:58  Drone x2  
  62  4:59  Drone  
  71  5:01  Overlord  
  71  5:02  Overlord  
  71  5:06  Overlord  
  71  5:11  Drone  
  71  5:13  Drone  
  73  5:21  Spore Crawler  
  72  5:22  Queen, Spore Crawler x2  
  72  5:23  Drone x2  
  72  5:25  Drone x2  
  76  5:34  Drone x3  
  77  5:35  Drone  
  77  5:36  Drone x2  
  77  5:38  Drone x3  
  77  5:42  Queen  
  74  5:48  Roach x2  
  76  5:57  Roach x2  
  76  6:03  Drone x2  
  78  6:08  Roach x2  
  78  6:11  Drone  
  80  6:16  Drone  
  80  6:18  Drone  
  80  6:22  Overseer  
  80  6:23  Evolution Chamber, Drone  
  81  6:26  Drone  
  81  6:27  Evolution Chamber  
  81  6:29  Drone  
  81  6:31  Glial Reconstitution  
  82  6:34  Baneling Nest  
  82  6:35  Drone x3  
  82  6:38  Extractor, Drone  
  82  6:39  Drone x2  
  86  6:43  Drone  
  87  6:49  Infestation Pit  
  87  6:51  Hatchery  
  85  6:54  Drone  
  85  6:55  Drone x6  
  85  6:57  Zerg Missile Weapons Level 1  
  85  6:58  Zerg Ground Armor Level 1  
  85  7:00  Overlord  
  92  7:03  Pneumatized Carapace  
  92  7:09  Overlord x2  
  92  7:12  Overseer  
  90  7:19  Drone x9  
  94  7:31  Roach x5  
  94  7:35  Roach  
  94  7:36  Roach x4  
  113  7:47  Ravager  
  113  7:49  Zergling x2  
  113  7:50  Zergling x10  
  119  7:54  Overlord  
  119  8:00  Hatchery  
  119  8:02  Overlord x2  
  118  8:11  Drone x2  
  118  8:12  Drone x2  
  123  8:22  Centrifical Hooks  
  123  8:25  Zergling x12  
  127  8:31  Zergling x8  
  131  8:41  Hatchery  
  131  8:42  Overlord x4  
  131  8:45  Hive  
  131  8:47  Extractor  
  129  8:56  Zergling x14  
  129  9:01  Baneling x7  
  136  9:09  Zergling x6  
  144  9:10  Zergling x10  
  144  9:17  Drone  
  144  9:18  Drone  
  144  9:27  Zergling x6  
  144  9:30  Overlord  
  142  9:44  Queen, Zergling x12  
  150  10:01  Baneling x2  
  150  10:02  Baneling x17  
  150  10:05  Hatchery  
  150  10:06  Overlord  
  147  10:07  Zergling x2  
  147  10:08  Zergling x12  
  150  10:23  Zergling x8  
  150  10:26  Zergling x4  
  127  10:40  Zergling x6  
  127  10:43  Zergling x2  
Show
View Real Time Build Order
Export as new Build Order

Bunny Terran - Winner!

Build Orders: Reaper Expand, Hellion Banshee 

Get SALT Encoding   

  12  0:00  SCV  
  13  0:13  SCV  
  14  0:17  Supply Depot  
  14  0:25  SCV  
  15  0:38  SCV  
  15  0:41  Barracks  
  16  0:45  Refinery  
  16  0:50  SCV  
  17  1:03  SCV  
  18  1:15  SCV  
  19  1:28  Reaper, Orbital Command  
  20  1:40  Command Center  
  20  1:53  Supply Depot  
  20  1:54  SCV  
  20  2:00  Marine  
  22  2:06  SCV  
  23  2:08  Factory  
  23  2:18  SCV  
  23  2:20  Refinery  
  24  2:23  Barracks Reactor  
  24  2:30  SCV  
  25  2:42  SCV  
  26  2:54  SCV  
  26  2:57  Orbital Command  
  27  3:01  Starport  
  27  3:05  Hellion x2  
  31  3:07  SCV  
  31  3:11  Barracks Tech Lab  
  32  3:19  SCV  
  32  3:24  SCV  
  32  3:26  Hellion  
  32  3:27  Hellion  
  35  3:32  SCV  
  36  3:36  SCV  
  36  3:38  Supply Depot  
  37  3:44  Marine, Viking  
  37  3:46  SCV  
  42  3:48  SCV  
  42  3:51  Hellion x2  
  46  4:00  SCV x2  
  46  4:02  Fusion Core  
  48  4:09  Supply Depot  
  48  4:12  SCV x2  
  48  4:15  Medivac  
  52  4:21  Hellion  
  52  4:22  Armory  
  54  4:31  SCV x2, Hellion  
  58  4:38  Command Center  
  59  4:45  SCV x2  
  59  4:49  Cloaking Field  
  60  4:55  Banshee  
  60  4:58  SCV  
  60  4:59  Supply Depot  
  62  5:00  Supply Depot  
  62  5:04  Barracks Tech Lab  
  62  5:12  Factory Reactor  
  62  5:14  Barracks  
  62  5:15  Barracks  
  62  5:20  SCV x2  
  64  5:23  Marine  
  64  5:24  Stimpack  
  65  5:31  Engineering Bay  
  65  5:32  SCV x2, Engineering Bay  
  67  5:42  Marine  
  66  5:44  SCV  
  66  5:47  SCV  
  66  5:48  Banshee  
  71  5:51  Orbital Command  
  71  5:53  Refinery  
  71  5:54  Refinery  
  71  5:57  SCV  
  72  6:01  Terran Infantry Weapons Level 1  
  72  6:02  SCV  
  71  6:05  Marine  
  71  6:06  Marine  
  71  6:07  Marine  
  71  6:09  SCV  
  75  6:20  Factory Tech Lab  
  75  6:21  Marine x2, Supply Depot  
  75  6:25  SCV x2  
  79  6:27  Orbital Command  
  79  6:29  Supply Depot x2  
  79  6:31  Barracks  
  79  6:32  Barracks  
  77  6:35  Marine  
  77  6:37  SCV x2  
  77  6:39  Marine x2  
  82  6:42  Siege Tank, Medivac x2  
  89  6:47  Barracks Reactor  
  89  6:49  SCV x2  
  91  6:55  SCV  
  91  7:00  Marine x3, Refinery  
  95  7:01  SCV x2, Supply Depot  
  95  7:05  Terran Infantry Armor Level 1  
  95  7:06  Supply Depot  
  95  7:07  SCV  
  98  7:13  Terran Vehicle Weapons Level 1, SCV x2  
  98  7:14  Siege Tank  
  103  7:17  Marine x2  
  103  7:18  Marauder  
  103  7:21  Supply Depot  
  103  7:22  SCV  
  108  7:24  Barracks Reactor  
  108  7:25  Barracks Reactor, SCV x2  
  110  7:31  Marine x2, Combat Shield  
  110  7:34  SCV  
  110  7:35  Marine x2  
  115  7:37  SCV x2  
  115  7:39  Marine  
  115  7:43  Supply Depot  
  117  7:47  Siege Tank  
  117  7:48  Marine  
  117  7:49  Marine  
  121  7:53  Marine, Supply Depot  
  121  7:56  Marine  
  121  7:57  Marauder  
  125  8:00  Bunker  
  125  8:01  Bunker  
  125  8:04  Marine x2, Bunker x2  
  127  8:06  Marine  
  127  8:09  Marine x2  
  127  8:10  Marine  
  127  8:12  Terran Infantry Weapons Level 2  
  125  8:13  Medivac x2  
  125  8:17  Missile Turret  
  129  8:24  Marauder  
  129  8:26  Sensor Tower  
  131  8:29  Marine x6  
  131  8:34  Siege Tank  
  140  8:45  Marauder  
  140  8:47  Marine x3  
  145  8:52  Command Center  
  145  8:53  Concussive Shells, Marine  
  145  8:54  Marine x4  
  150  8:59  Medivac x2  
  154  9:05  Marine x3  
  157  9:14  Supply Depot x2  
  157  9:15  Siege Tank  
  157  9:16  Marauder  
  162  9:18  Marine x3  
  165  9:25  Marine x2  
  165  9:26  Marine  
  165  9:28  Marine  
  165  9:30  Marine  
  163  9:36  Marine x3  
  163  9:37  Marauder  
  165  9:41  Medivac x2  
  165  9:42  Barracks  
  165  9:43  Marine x3, Barracks x2  
  172  9:46  Marine  
  172  9:48  Siege Tank  
  176  9:53  Supply Depot x2  
  176  9:59  Marauder  
  178  10:01  Sensor Tower  
  178  10:02  Marine x3  
  178  10:04  Marine x5  
  186  10:12  Command Center  
  186  10:19  Marine  
  186  10:20  Marine x2, Marauder  
  191  10:22  Marine x5  
  195  10:34  Barracks Tech Lab, Barracks Reactor  
  195  10:35  Barracks Tech Lab  
  167  10:37  Marine  
  167  10:42  SCV x3  
  164  10:44  Marine x3  

Tags
 
Add a new tag
Caveats
  • Supply blocks, unpowered buildings, or Contaminate may cause inaccurate times.
  • Supply counts are checked every 10 seconds.